3AA
YAKIMA HOPS @ BILLINGS POLAR BEARS
08/09/2034
 
TOP OF THE 1ST
Yakima Hops batting - Pitching for Billings Polar Bears : RHP Mike Orrsborne
Pitching: RHP Mike Orrsborne
Batting: SHB Zack Murphy 0-0: Ball
1-0: Foul Ball, location: 2F
1-1: Ball
2-1: Called Strike
2-2: Ball
3-2: Base on Balls
Batting: LHB Wulf Paauwe 0-0: Called Strike
0-1: Foul Ball, location: 2F
0-2: Foul Ball, location: 2F
0-2: Ball
1-2: Ground out 4-3 (Groundball, 4)
Zack Murphy to second
Batting: RHB Lee Scrooby 0-0: Foul Ball, location: 2F
0-1: Ball
1-1: Fly out, F2 (Popup, 23F)
Batting: LHB Gustavo Deleón 0-0: Ball
1-0: Ground out 1-3 (Groundball, 13)
Top of the 1st over - 0 runs, 0 hits, 0 errors, 1 left on base; Yakima 0 - Billings 0
BOTTOM OF THE 1ST
Billings Polar Bears batting - Pitching for Yakima Hops : RHP Patrick Buzard
Pitching: RHP Patrick Buzard
Batting: RHB Cody Jaeckel 0-0: Ball
1-0: Called Strike
1-1: Called Strike
1-2: Ball
2-2: Ground out 6-3 (Groundball, 6)
Batting: LHB Phil MacNamara 0-0: SINGLE (Line Drive, 89S)
Batting: RHB José Ortíz 0-0: Ball
1-0: Foul Ball, location: 2F
1-1: Foul Ball, location: 2F
1-2: Fly out, F8 (Flyball, 78D)
Batting: RHB Patrick Pupovac 0-0: Ball
1-0: Ball
2-0: Foul Ball, location: 2F
2-1: Ball
3-1: Fielders Choice at 2nd, U4 (Groundball, 4M)
Bottom of the 1st over - 0 runs, 1 hit, 0 errors, 1 left on base; Yakima 0 - Billings 0
TOP OF THE 2ND
Yakima Hops batting - Pitching for Billings Polar Bears : RHP Mike Orrsborne
Batting: RHB Vonne Navarrete 0-0: Called Strike
0-1: Foul Ball, location: 2F
0-2: Ball
1-2: Ball
2-2: Ground out 5-3 (Groundball, 5L)
Batting: LHB Héctor Velázquez 0-0: Ball
1-0: Ball
2-0: Ball
3-0: Base on Balls
Batting: RHB Carlo Beedle 0-0: Ball
1-0: Ball
2-0: Ball
3-0: Base on Balls
Héctor Velázquez to second
Batting: RHB Luis León 0-0: Ball
1-0: Ball
2-0: Called Strike
2-1: Foul Ball, location: 2F
2-2: Foul Ball, location: 2F
2-2: Ball
3-2: Strikes out swinging
Batting: RHB George Hubbard 0-0: Ball
1-0: Called Strike
1-1: Ball
2-1: Ball
3-1: SINGLE (Groundball, 56D)
Héctor Velázquez to third
Carlo Beedle to second
Runner from 3rd tries for Home, SAFE, no throw
Batting: SHB Zack Murphy 0-0: Fly out, F8 (Flyball, 8LM)
Top of the 2nd over - 1 run, 1 hit, 0 errors, 2 left on base; Yakima 1 - Billings 0
BOTTOM OF THE 2ND
Billings Polar Bears batting - Pitching for Yakima Hops : RHP Patrick Buzard
Batting: RHB Lynwood Dimartínez 0-0: Ball
1-0: Fly out, F9 (Flyball, 9S)
Batting: RHB Luis Pérez 0-0: Ball
1-0: Called Strike
1-1: Fly out, F8 (Flyball, 8RS)
Batting: RHB Pedro Flores 0-0: Fly out, F9 (Line Drive, 9)
Bottom of the 2nd over - 0 runs, 0 hits, 0 errors, 0 left on base; Yakima 1 - Billings 0
TOP OF THE 3RD
Yakima Hops batting - Pitching for Billings Polar Bears : RHP Mike Orrsborne
Batting: LHB Wulf Paauwe 0-0: Ball
1-0: Called Strike
1-1: SINGLE (Line Drive, 9S)
Batting: RHB Lee Scrooby 0-0: Grounds into double play, 5-4-3 (Groundball, 56)
Batting: LHB Gustavo Deleón 0-0: Called Strike
0-1: Fly out, F6 (Popup, P)
Top of the 3rd over - 0 runs, 1 hit, 0 errors, 0 left on base; Yakima 1 - Billings 0
BOTTOM OF THE 3RD
Billings Polar Bears batting - Pitching for Yakima Hops : RHP Patrick Buzard
Batting: SHB Goro Yokoyama 0-0: Called Strike
0-1: Fly out, F7 (Line Drive, 78M)
Batting: RHB Corey Dudding 0-0: Ball
1-0: Swinging Strike
1-1: Foul Ball, location: 2F
1-2: Ball
2-2: Strikes out swinging
Batting: RHB Cody Jaeckel 0-0: Ball
1-0: Called Strike
1-1: Foul Ball, location: 2F
1-2: Fly out, F7 (Flyball, 78D)
Bottom of the 3rd over - 0 runs, 0 hits, 0 errors, 0 left on base; Yakima 1 - Billings 0
TOP OF THE 4TH
Yakima Hops batting - Pitching for Billings Polar Bears : RHP Mike Orrsborne
Batting: RHB Vonne Navarrete 0-0: Ball
1-0: Ground out 5-3 (Groundball, 56)
Pitching: LHP Igarashi Momoru
Batting: LHB Héctor Velázquez 0-0: Called Strike
0-1: Ball
1-1: Ball
2-1: Foul Ball, location: 2F
2-2: Fly out, F9 (Flyball, 89S)
Batting: RHB Carlo Beedle 0-0: Called Strike
0-1: Ball
1-1: Swinging Strike
1-2: Foul Ball, location: 2F
1-2: Ball
2-2: Strikes out swinging
Top of the 4th over - 0 runs, 0 hits, 0 errors, 0 left on base; Yakima 1 - Billings 0
BOTTOM OF THE 4TH
Billings Polar Bears batting - Pitching for Yakima Hops : RHP Patrick Buzard
Batting: LHB Phil MacNamara 0-0: Ground out 2-3 (Groundball, 2L)
Batting: RHB José Ortíz 0-0: Ball
1-0: SINGLE (Groundball, 56D)
Batting: RHB Patrick Pupovac 0-0: Ground out 5-3 (Groundball, 56S)
José Ortíz to second
Batting: RHB Lynwood Dimartínez 0-0: Called Strike
0-1: Called Strike
0-2: Foul Ball, location: 2F
0-2: Ground out 6-3 (Groundball, 56)
Bottom of the 4th over - 0 runs, 1 hit, 0 errors, 1 left on base; Yakima 1 - Billings 0
TOP OF THE 5TH
Yakima Hops batting - Pitching for Billings Polar Bears : LHP Igarashi Momoru
Batting: RHB Luis León 0-0: SINGLE (Line Drive, 89M)
Batting: RHB George Hubbard 0-0: Ball
1-0: Bunted foul
1-1: Sac Bunt - play at first, batter OUT! 3-4
Luis León to second
Batting: SHB Zack Murphy 0-0: Ball
1-0: Fly out, F7 (Flyball, 78S)
Batting: LHB Wulf Paauwe 0-0: Ball
1-0: Ball
2-0: Ground out 4-3 (Groundball, 4)
Top of the 5th over - 0 runs, 1 hit, 0 errors, 1 left on base; Yakima 1 - Billings 0
BOTTOM OF THE 5TH
Billings Polar Bears batting - Pitching for Yakima Hops : RHP Patrick Buzard
Batting: RHB Luis Pérez 0-0: Swinging Strike
0-1: Ball
1-1: Foul Ball, location: 2F
1-2: Ball
2-2: Strikes out swinging
Batting: RHB Pedro Flores 0-0: Ball
1-0: Swinging Strike
1-1: Ball
2-1: Ball
3-1: Foul Ball, location: 2F
3-2: Fly out, F3 (Popup, 23F)
Batting: SHB Goro Yokoyama 0-0: Called Strike
0-1: Ball
1-1: SINGLE (Line Drive, 56S)
Batting: RHB Corey Dudding 0-0: Ball
Goro Yokoyama steals 2nd base
1-0: Ball
2-0: Ground out 6-3 (Groundball, 6)
Bottom of the 5th over - 0 runs, 1 hit, 0 errors, 1 left on base; Yakima 1 - Billings 0
TOP OF THE 6TH
Yakima Hops batting - Pitching for Billings Polar Bears : LHP Igarashi Momoru
Batting: RHB Lee Scrooby 0-0: Ball
1-0: Called Strike
1-1: Ball
2-1: Called Strike
2-2: Ball
3-2: DOUBLE (Flyball, 78XD)
Batting: LHB Gustavo Deleón 0-0: Ball
1-0: Ground out 3-1 (Groundball, 34S)
Lee Scrooby to third
Batting: RHB Vonne Navarrete 0-0: SINGLE (Groundball, 34D)
Lee Scrooby scores
Batting: LHB Héctor Velázquez 0-0: Called Strike
0-1: Ball
1-1: Ball
2-1: Foul Ball, location: 2F
2-2: Strikes out swinging
Batting: RHB Carlo Beedle 0-0: Ball
1-0: Ball
2-0: Ball
3-0: Called Strike
3-1: Fielders Choice at 2nd, 5-4 (Groundball, 56)
Top of the 6th over - 1 run, 2 hits, 0 errors, 1 left on base; Yakima 2 - Billings 0
BOTTOM OF THE 6TH
Billings Polar Bears batting - Pitching for Yakima Hops : RHP Patrick Buzard
Batting: RHB Cody Jaeckel 0-0: Called Strike
0-1: Ball
1-1: Foul Ball, location: 2F
1-2: Ball
2-2: Strikes out swinging
Batting: LHB Phil MacNamara 0-0: Ball
1-0: Called Strike
1-1: Fly out, F8 (Flyball, 8RXD)
Batting: RHB José Ortíz 0-0: Swinging Strike
0-1: Ball
1-1: Ball
2-1: SINGLE (Flyball, 34D)
Batting: RHB Patrick Pupovac 0-0: Called Strike
0-1: Ball
1-1: Ball
2-1: DOUBLE (Line Drive, 8LD)
José Ortíz to third
Runner from 3rd tries for Home, throw and OUT!
Bottom of the 6th over - 0 runs, 2 hits, 0 errors, 1 left on base; Yakima 2 - Billings 0
TOP OF THE 7TH
Yakima Hops batting - Pitching for Billings Polar Bears : LHP Igarashi Momoru
Batting: RHB Luis León 0-0: Ball
1-0: Ground out 4-3 (Groundball, 4)
Batting: RHB George Hubbard 0-0: Called Strike
0-1: Ball
1-1: Ball
2-1: Ball
3-1: Swinging Strike
3-2: SINGLE (Line Drive, 8LS)
Batting: SHB Zack Murphy 0-0: Called Strike
0-1: Swinging Strike
0-2: Strikes out swinging
Batting: LHB Wulf Paauwe 0-0: Ball
1-0: Swinging Strike
1-1: Foul Ball, location: 2F
1-2: Ball
2-2: Strikes out looking
Top of the 7th over - 0 runs, 1 hit, 0 errors, 1 left on base; Yakima 2 - Billings 0
BOTTOM OF THE 7TH
Billings Polar Bears batting - Pitching for Yakima Hops : RHP Patrick Buzard
Batting: RHB Lynwood Dimartínez 0-0: Ball
1-0: Ball
2-0: Ball
3-0: Called Strike
3-1: Called Strike
3-2: Foul Ball, location: 2F
3-2: Foul Ball, location: 2F
3-2: Foul Ball, location: 2F
3-2: SINGLE (Line Drive, 78S)
Batting: RHB Luis Pérez 0-0: Ball
1-0: Ball
2-0: Fly out, F7 (Line Drive, 7)
Batting: RHB Pedro Flores 0-0: Ball
1-0: Ball
2-0: Called Strike
2-1: Ball
3-1: Hit by Pitch
Lynwood Dimartínez to second
Pitching: LHP Jorge Pliego
Batting: SHB Goro Yokoyama 0-0: Fly out, F9 (Flyball, 9D)
Runner from 2nd tags up, SAFE at 3rd, no throw
Batting: RHB Corey Dudding 0-0: Called Strike
0-1: Called Strike
0-2: Strikes out looking
Bottom of the 7th over - 0 runs, 1 hit, 0 errors, 2 left on base; Yakima 2 - Billings 0
TOP OF THE 8TH
Yakima Hops batting - Pitching for Billings Polar Bears : LHP Igarashi Momoru
Batting: RHB Lee Scrooby 0-0: Fly out, F5 (Popup, 15)
Batting: LHB Gustavo Deleón 0-0: Called Strike
0-1: Foul Ball, location: 2F
0-2: Ball
1-2: Ball
2-2: Ball
3-2: Foul Ball, location: 2F
3-2: Base on Balls
Pitching: RHP Daniel Riley
Batting: RHB Vonne Navarrete 0-0: Called Strike
0-1: Foul Ball, location: 2F
0-2: Fly out, F7 (Flyball, 7S)
Batting: LHB Héctor Velázquez 0-0: Ball
Gustavo Deleón is caught stealing 2nd base
Top of the 8th over - 0 runs, 0 hits, 0 errors, 0 left on base; Yakima 2 - Billings 0
BOTTOM OF THE 8TH
Billings Polar Bears batting - Pitching for Yakima Hops : LHP Jorge Pliego
Now at 1B: Jeromy Gride
Batting: RHB Cody Jaeckel 0-0: Called Strike
0-1: Ball
1-1: Ball
2-1: Foul Ball, location: 2F
2-2: Foul Ball, location: 2F
2-2: SINGLE (Line Drive, 89M)
Batting: LHB Phil MacNamara 0-0: Ball
1-0: SINGLE (Groundball, 4MD)
Cody Jaeckel to second
Runner from 2nd tries for 3rd, SAFE, no throw
Batting: RHB José Ortíz 0-0: Ball
1-0: Called Strike
1-1: Called Strike
1-2: Ball
2-2: Ball
3-2: Ground out 5-3 (Groundball, 56)
Phil MacNamara to second
Batting: RHB Patrick Pupovac 0-0: Ground out 6-3 (Groundball, 56S)
Batting: RHB Lynwood Dimartínez 0-0: Ball
1-0: Fly out, F8 (Flyball, 8RM)
Bottom of the 8th over - 0 runs, 2 hits, 0 errors, 2 left on base; Yakima 2 - Billings 0
TOP OF THE 9TH
Yakima Hops batting - Pitching for Billings Polar Bears : RHP Daniel Riley
Batting: LHB Héctor Velázquez 0-0: Called Strike
0-1: Called Strike
0-2: Ball
1-2: Strikes out swinging
Batting: RHB Carlo Beedle 0-0: DOUBLE (Flyball, 89XD) - OUT at third base trying to stretch hit.
Batting: RHB Luis León 0-0: Called Strike
0-1: Ball
1-1: SINGLE (Line Drive, 7S)
Batting: RHB George Hubbard 0-0: Foul Ball, location: 2F
0-1: Ball
1-1: Swinging Strike
1-2: Foul Ball, location: 2F
1-2: Ball
2-2: SINGLE (Line Drive, 56)
Luis León to second
Batting: SHB Zack Murphy 0-0: Ball
1-0: Ball
2-0: Swinging Strike
2-1: Swinging Strike
2-2: Ball
3-2: Foul Ball, location: 2F
3-2: Strikes out swinging
Top of the 9th over - 0 runs, 3 hits, 0 errors, 2 left on base; Yakima 2 - Billings 0
BOTTOM OF THE 9TH
Billings Polar Bears batting - Pitching for Yakima Hops : LHP Jorge Pliego
Pitching: RHP Pieter Spitsbaard
Now at C: Nicholas Seal
Batting: RHB Luis Pérez 0-0: Ball
1-0: Ball
2-0: Ball
3-0: Called Strike
3-1: Fly out, F5 (Line Drive, 5)
Batting: RHB Pedro Flores 0-0: Ball
1-0: Ball
2-0: Fly out, F9 (Flyball, 9S)
Batting: SHB Goro Yokoyama 0-0: SINGLE (Flyball, 9S)
Batting: RHB Corey Dudding 0-0: Ball
1-0: Ball
2-0: Called Strike
2-1: Foul Ball, location: 2F
2-2: Fly out, F8 (Flyball, 78M)
Bottom of the 9th over - 0 runs, 1 hit, 0 errors, 1 left on base; Yakima 2 - Billings 0
Friday, March 29th, 2019 - OOTP Baseball 18.8 Build 76